 Dungeon Crawl Stone Soup version 0.18.0-1-g0107ab7 (webtiles) character file.

16685 Alarkh the Spear-Bearer (level 12, -11/89 HPs)
             Began as a Mummy Skald on May 5, 2016.
             Was an Initiate of Gozag.
             Mangled by a black mamba (18 damage)
             ... on level 4 of the Lair of Beasts.
             The game lasted 00:33:49 (16981 turns).

Alarkh the Spear-Bearer (Mummy Skald)              Turns: 16981, Time: 00:33:51

Health: -11/89     AC:  7    Str: 15    XL:     12   Next: 12%
Magic:  8/18       EV: 14    Int: 16    God:    Gozag
Gold:   572        SH:  0    Dex: 12    Spells: 8 memorised, 1 level left

rFire  x . .     SeeInvis .     z - +0 halberd
rCold  + . .     Gourm    .     w - +1 robe {MR+}
rNeg   + + +     Faith    .     (shield currently unavailable)
rPois  ∞         Spirit   .     (no helmet)
rElec  .         Dismiss  .     k - +0 cloak
rCorr  .         Reflect  .     s - +0 pair of gloves
SustAt .         Harm     .     u - +0 pair of boots
MR     ++...                    r - amulet of regeneration
Stlth  ++........               j - ring of stealth
                                f - ring of wizardry

@: very slightly contaminated, studying Polearms, repel missiles, very resistant
to hostile enchantments, unstealthy
A: no food or potions, fire vulnerability, cold resistance 1, negative energy
resistance 3, torment resistance, unbreathing
a: Potion Petition, Call Merchant, Bribe Branch, Renounce Religion


You were on level 4 of the Lair of Beasts.
You worshipped Gozag.
Gozag was noncommittal.
You were not hungry.

You visited 3 branches of the dungeon, and saw 15 of its levels.

You collected 2558 gold pieces.
You spent 330 gold pieces at shops.
You paid 1656 gold pieces to Gozag.

Inventory:

Hand Weapons
 a - a +0 spear
 q - a +0 trident
 z - a +0 halberd (weapon)
Armour
 i - a +2 robe
 k - a +0 cloak (worn)
 s - a +0 pair of gloves (worn)
 u - a +0 pair of boots (worn)
 w - a +1 robe of magic resistance (worn)
Jewellery
 f - a ring of wizardry (left hand)
 j - a ring of stealth (right hand)
 r - an amulet of regeneration (around neck)
 x - an uncursed amulet of magic regeneration
 F - an uncursed ring of ice
Wands
 l - a wand of slowing (34/48)
 n - a wand of lightning (0/15)
 B - a wand of iceblast (0/15)
 E - a wand of digging (13/24)
 G - a wand of teleportation (2/9)
 H - a wand of flame (11/48)
Scrolls
 b - 3 scrolls of identify
 d - 5 scrolls of amnesia
 e - 2 scrolls of remove curse
 g - 5 scrolls of magic mapping
 h - a scroll of noise {unknown}
 m - 3 scrolls of teleportation
 o - a scroll of recharging
 p - 4 scrolls of enchant armour
 y - a scroll of immolation {unknown}
 C - a scroll of enchant weapon
 D - a scroll of blinking
Books
 c - a book of Battle

   Spells                             Type                      Level
   a - Infusion                       Charms                       1
   b - Shroud of Golubria             Charms/Translocation         2
   c - Song of Slaying                Charms                       2
   d - Spectral Weapon                Hexes/Charms                 3
   e - Regeneration                   Charms/Necromancy            3
 t - a book of Dreams

   Spells                             Type                      Level
   a - Ensorcelled Hibernation        Hexes/Ice                    2
   b - Silence                        Hexes/Air                    5
   c - Darkness                       Hexes                        6
   d - Shadow Creatures               Summoning                    6
 v - a book of Minor Magic

   Spells                             Type                      Level
   a - Magic Dart                     Conjuration                  1
   b - Blink                          Translocation                2
   c - Call Imp                       Summoning                    2
   d - Repel Missiles                 Charms/Air                   2
   e - Slow                           Hexes                        2
   f - Conjure Flame                  Conjuration/Fire             3
   g - Mephitic Cloud                 Conjuration/Poison/Air       3
 A - a Fen Folio

   Spells                             Type                      Level
   a - Corpse Rot                     Necromancy                   2
   b - Stone Arrow                    Conjuration/Earth            3
   c - Leda's Liquefaction            Hexes/Earth                  4
   d - Summon Forest                  Summoning/Translocation      5
   e - Hydra Form                     Transmutation                6
   f - Summon Hydra                   Summoning                    7
 I - a book of Frost

   Spells                             Type                      Level
   a - Freeze                         Ice                          1
   b - Throw Frost                    Conjuration/Ice              2
   c - Ozocubu's Armour               Charms/Ice                   3
   d - Throw Icicle                   Conjuration/Ice              4
   e - Summon Ice Beast               Ice/Summoning                4
 J - a manual of Polearms


   Skills:
 + Level 6.8 Fighting
 * Level 12.4 Polearms
 + Level 5.4 Armour
 + Level 5.4 Dodging
 - Level 4.1 Spellcasting
 - Level 4.6 Conjurations
 - Level 4.0 Charms


You had one spell level left.
You knew the following spells:

 Your Spells              Type           Power        Failure   Level  Hunger
a - Spectral Weapon       Hex/Chrm       #.......     9%          3    N/A
b - Blink                 Tloc           N/A          10%         2    N/A
c - Infusion              Chrm           ###.         1%          1    N/A
d - Repel Missiles        Chrm/Air       #.....       4%          2    N/A
e - Conjure Flame         Conj/Fire      ##......     9%          3    N/A
f - Song of Slaying       Chrm           ###.....     2%          2    N/A
r - Mephitic Cloud        Conj/Pois/Air  #.......     12%         3    N/A
t - Shroud of Golubria    Chrm/Tloc      #.........   4%          2    N/A

Dungeon Overview and Level Annotations

Branches:
Dungeon (10/15)            Temple (1/1) D:6            Lair (4/8) D:10
    Orc (0/2) D:9
  Swamp: Lair:3-6    Shoals: Lair:3-6     Snake: Lair:3-6    Spider: Lair:3-6

Altars:
Ashenzari
Cheibriados
Dithmenos
Elyvilon
Fedhas
Gozag
Kikubaaqudgha
Makhleb
Nemelex Xobeh
Okawaru
Pakellas
Qazlal
Ru
Sif Muna
Trog
Vehumet
Xom
Yredelemnul
Zin
The Shining One

Shops:
D:4 =   D:5 %   D:10 (=!(=}

Annotations:
D:9 tstbtto's ghost, novice NaBe


Innate Abilities, Weirdness & Mutations

You do not eat or drink.
Your flesh is vulnerable to fire.
You are immune to poison.
Your flesh is cold resistant.
You are immune to negative energy.
You are immune to unholy pain and torment.
You can survive without breathing.


Message History

The black mamba is lightly wounded.
Your spectral weapon hits the black mamba!!
The black mamba bites you!
You closely miss the black mamba.
The black mamba is heavily wounded.
Your spectral weapon hits the black mamba!
The black mamba bites your spectral weapon!!
Your spectral weapon shares its damage with you!
Your spectral weapon fades away.
* * * LOW HITPOINT WARNING * * *
The black mamba closely misses you.
Read which item? (? for menu, Esc to quit)
Okay, then.
Casting: Spectral Weapon
Confirm with . or Enter, or press ? or * to list all spells.
You draw out your weapon's spirit!
The black mamba bites you!!
* * * LOW HITPOINT WARNING * * *
The black mamba bites you!!
You die...
Your body crumbles into a pile of gold.

..............###
................#
................#
................##
............$....#
................##
..............##
..............#
.......@.......#
.....(S.)...P###
............##
###..###.#P#..#
### #####.## ##


You could see a black mamba and a friendly spectral halberd.

Vanquished Creatures
  A hill giant (D:10)
  Pikel (D:7)
  Psyche (D:8)
  10 spiny frogs
  2 rime drakes
  A komodo dragon (Lair:2)
  4 blink frogs (Lair:1)
  Sigmund (D:2)
  18 yaks
  A hungry ghost (D:10)
  2 hippogriffs
  2 wargs
  2 soldier ants (D:10)
  7 water moccasins
  4 orc warriors
  9 porcupines
  A slave (D:7)
  An ice beast (D:5)
  A black bear (D:6)
  3 sky beasts
  3 necrophages
  2 phantoms
  A wasp (D:8)
  3 centaurs
  The ghost of Shenda the Ruffian, an amateur DrTm (D:4)
  5 ogres
  9 crocodiles
  5 wolves (Lair:1)
  A big kobold (D:7)
  10 giant frogs
  A water moccasin skeleton (D:4)
  2 scorpions (D:8)
  5 wights (D:10)
  A howler monkey (D:6)
  6 crimson imps
  2 centaur zombies
  A giant frog zombie (D:6)
  5 hounds
  A jelly (D:10)
  A quasit (D:9)
  5 orc priests
  A wasp zombie (D:8)
  2 centaur skeletons
  6 orc wizards
  6 iguanas
  9 worker ants
  2 hell rats (D:7)
  A killer bee zombie (D:6)
  2 hound zombies
  2 worker ant zombies
  3 gnolls
  9 adders
  11 river rats
  2 shadow imps
  A worm (D:10)
  2 dart slugs
  5 giant geckos
  23 orcs
  7 giant cockroaches
  10 goblins
  6 hobgoblins
  6 jackals
  9 kobolds
  2 quokkas
  4 ball pythons
  4 bats
  A giant cockroach zombie (D:5)
  A giant newt (D:2)
  A jackal skeleton (D:4)
  A quokka skeleton (D:6)
  27 rats
  2 spectral weapons
310 creatures vanquished.

Vanquished Creatures (others)
  3 slaves (D:7)
  A wight (D:7)
  A plant (Lair:3)
  19 spectral weapons
24 creatures vanquished.

Grand Total: 334 creatures vanquished

Notes
Turn   | Place    | Note
--------------------------------------------------------------
     0 | D:1      | Alarkh the Mummy Skald began the quest for the Orb.
     0 | D:1      | Reached XP level 1. HP: 16/16 MP: 3/3
   347 | D:1      | Found a glowing golden altar of the Shining One.
   375 | D:1      | Reached XP level 2. HP: 22/22 MP: 1/5
   993 | D:2      | Reached skill level 2 in Polearms
  1510 | D:2      | Reached XP level 3. HP: 7/27 MP: 1/6
  1514 | D:2      | Learned a level 2 spell: Shroud of Golubria
  1518 | D:2      | Learned a level 3 spell: Spectral Weapon
  1972 | D:2      | Noticed Sigmund
  2432 | D:3      | Found an oddly glowing altar of Pakellas.
  2436 | D:3      | Found an iron altar of Okawaru.
  3022 | D:2      | Reached XP level 4. HP: 30/33 MP: 4/8
  3065 | D:2      | HP: 1/33 [something/magic dart (6)]
  3066 | D:2      | Killed Sigmund
  3066 | D:2      | Reached skill level 3 in Polearms
  3066 | D:2      | Reached XP level 5. HP: 2/38 MP: 6/10
  3099 | D:2      | Found a shadowy altar of Dithmenos.
  3545 | D:4      | Reached XP level 6. HP: 30/44 MP: 9/11
  3549 | D:4      | Learned a level 2 spell: Song of Slaying
  3933 | D:4      | Found Memout's Jewellery Boutique.
  4114 | D:4      | Reached skill level 4 in Polearms
  4398 | D:5      | Entered Level 5 of the Dungeon
  4398 | D:5      | Found Buba's Food Shop.
  4520 | D:4      | Noticed Shenda's ghost (amateur DrTm)
  4854 | D:4      | Killed Shenda's ghost
  4854 | D:4      | Reached XP level 7. HP: 50/50 MP: 9/13
  5093 | D:5      | Reached skill level 5 in Polearms
  6159 | D:5      | Found a shattered altar of Ashenzari.
  6178 | D:5      | Reached skill level 6 in Polearms
  6527 | D:5      | Reached XP level 8. HP: 37/56 MP: 4/14
  6988 | D:5      | Reached skill level 7 in Polearms
  7887 | D:6      | Found a staircase to the Ecumenical Temple.
  7893 | Temple   | Entered the Ecumenical Temple
  8116 | Temple   | Became a worshipper of Gozag Ym Sagoz the Greedy
  8248 | D:6      | Reached skill level 8 in Polearms
  8496 | D:6      | Found a blossoming altar of Fedhas.
  8642 | D:7      | Reached XP level 9. HP: 55/61 MP: 10/15
  8707 | D:6      | Reached skill level 9 in Polearms
  8738 | D:4      | Bought an uncursed amulet of regeneration for 330 gold pieces
  8934 | D:7      | Noticed Pikel
  9254 | D:7      | Found a glowing golden altar of the Shining One.
  9309 | D:7      | Learned a level 2 spell: Repel Missiles
  9312 | D:7      | Learned a level 2 spell: Blink
  9324 | D:7      | Learned a level 3 spell: Conjure Flame
  9415 | D:7      | Killed Pikel
  9415 | D:7      | Reached skill level 1 in Armour
  9415 | D:7      | Reached skill level 1 in Dodging
  9415 | D:7      | Reached skill level 1 in Conjurations
  9922 | D:7      | Reached skill level 10 in Polearms
 10206 | D:8      | Noticed Psyche
 10221 | D:8      | Killed Psyche
 10303 | D:8      | Found a burning altar of Makhleb.
 10341 | D:8      | Reached XP level 10. HP: 66/70 MP: 7/16
 10851 | D:9      | Noticed tstbtto's ghost (novice NaBe)
 11270 | D:9      | Found a staircase to the Orcish Mines.
 11370 | D:9      | Found a shimmering altar of Xom.
 12108 | D:10     | Entered Level 10 of the Dungeon
 12355 | D:10     | Found a staircase to the Lair.
 12435 | D:10     | Found Futs's Gadget Shoppe.
 12652 | D:10     | Noticed a hill giant
 12694 | D:10     | Killed a hill giant
 12784 | D:10     | Found Cicluys's Distillery.
 12787 | D:10     | Found Ibriogak's Jewellery Boutique.
 12846 | D:10     | Found Juigecul's Antique Weapon Shoppe.
 12947 | D:10     | Reached skill level 11 in Polearms
 13096 | Lair:1   | Entered Level 1 of the Lair of Beasts
 13304 | Lair:1   | Reached skill level 5 in Fighting
 13421 | Lair:1   | Noticed a spiny frog
 13429 | Lair:1   | Killed a spiny frog
 13429 | Lair:1   | Reached XP level 11. HP: 52/79 MP: 12/17
 14153 | Lair:1   | Learned a level 3 spell: Mephitic Cloud
 14543 | Lair:1   | HP: 4/81 [spiny frog (19)]
 15686 | Lair:3   | Found a blossoming altar of Fedhas.
 15887 | Lair:3   | Reached skill level 5 in Armour
 15926 | Lair:3   | Reached skill level 12 in Polearms
 15936 | Lair:3   | Reached skill level 5 in Dodging
 16654 | Lair:4   | Reached XP level 12. HP: 61/89 MP: 14/18
 16981 | Lair:4   | Mangled by a black mamba

Skill      XL: |  1  2  3  4  5  6  7  8  9 10 11 |
---------------+----------------------------------+-----
Polearms       | 2 3 4 6 8 10 11 12 | 12.4
Spellcasting   | 3 4 |  4.1
Charms         | 3 4 |  4.0
Armour         | 2 3 5 |  5.4
Dodging        | 2 3 5 |  5.4
Conjurations   | 2 3 4 |  4.6
Fighting       | 3 5 6 |  6.8

Action                   |  1- 3 |  4- 6 |  7- 9 | 10-12 || total
-------------------------+-------+-------+-------+-------++-------
Melee: Spear             |   145 |   105 |   141 |       ||   391
       Trident           |       |       |   313 |   154 ||   467
       Halberd           |       |       |       |   397 ||   397
 Cast: Infusion          |    13 |     2 |    19 |     4 ||    38
       Spectral Weapon   |    10 |    15 |    62 |    88 ||   175
       Shroud of Golubri |       |     2 |    21 |    13 ||    36
       Conjure Flame     |       |       |     4 |    23 ||    27
       Blink             |       |       |       |     4 ||     4
       Mephitic Cloud    |       |       |       |     3 ||     3
       Repel Missiles    |       |       |       |     1 ||     1
       Song of Slaying   |       |       |       |     1 ||     1
Invok: Call Merchant     |       |       |       |     2 ||     2
Evoke: Wand              |       |     7 |     2 |     3 ||    12
  Use: Scroll            |     4 |       |     9 |     9 ||    22
 Stab: Sleeping          |     4 |       |     2 |     7 ||    13
       Distracted        |     1 |       |     4 |     6 ||    11
       Confused          |       |       |       |     2 ||     2
Armor: Leather armour    |    15 |    11 |    57 |       ||    83
       Robe              |    15 |     7 |    13 |    68 ||   103
Dodge: Dodged            |    90 |    46 |   153 |   215 ||   504
       Deflected         |       |       |       |     2 ||     2
